 Dungeon Crawl Stone Soup version 0.30-a0-845-g7c6808c8ce (webtiles) character file.

Game seed: 3980245956651890494

481 Querens the Trooper (level 7, -5/52 HPs)
             Began as a Djinni Hedge Wizard on Mar 3, 2023.
             Was an Initiate of Makhleb.
             Splashed by a jelly's acid (8 damage)
             ... on level 5 of the Dungeon.
             The game lasted 00:10:14 (2357 turns).

Querens the Trooper (Djinni Hedge Wizard)           Turns: 2357, Time: 00:10:14

Health: -5/52      AC: -4    Str: 16    XL:     7   Next: 34%
Gold:   202        EV: 11    Int: 18    God:    Makhleb [......] SH:  4 Dex: 12

rFire   + + +      SeeInvis .    o - +2 short sword (vamp)
rCold   . . .      Faith    .    l - +0 buckler
rNeg    . . .      Spirit   .    t - +0 leather armour of the Beginning {rC+ MP+9 Str+7}
rPois   ∞          Reflect  .    v - +0 helmet
rElec   .          Rampage  .    (no cloak)
rCorr   .                        (no gloves)
Will    .....                    (boots unavailable)
Stlth   +                        (no amulet)
HPRegen 0.28/turn                e - ring of protection from fire
MPRegen 0.00/turn                (no ring)

@: corroded, flying
A: sickness immunity, fire resistance 2, cold vulnerability 1, float, innate
caster, HP casting, extra vitality 1
a: Renounce Religion


You were on level 5 of the Dungeon.
You worshipped Makhleb.
Makhleb was noncommittal.
You visited 2 branches of the dungeon, and saw 6 of its levels.

You collected 202 gold pieces.

Inventory:

Hand Weapons
 o - a +2 vampiric short sword (weapon)
 u - a +2 dagger of venom
Armour
 l - a +0 buckler (worn)
 t - the +0 leather armour of the Beginning (worn) {rC+ MP+9 Str+7}
   (You found it on level 4 of the Dungeon)

   Str:       It affects your strength (+7).
   rC:        It protects you from cold.
   MP:        It affects your magic capacity (+9).
 v - a +0 helmet (worn)
Magical Staves
 m - a staff of earth
Jewellery
 e - a ring of protection from fire (left hand)
 s - a ring of fire
Wands
 c - a wand of iceblast (9)
Scrolls
 f - 2 scrolls of torment {unknown}
 g - 2 scrolls of identify {unknown}
 h - 3 scrolls of teleportation {unknown}
 k - a scroll of noise {unknown}
 n - a scroll of magic mapping {unknown}
Potions
 a - 3 potions of flight {unknown}
 b - 3 potions of brilliance {unknown}
 d - a potion of curing {unknown}
 i - a potion of experience {unknown}
 j - a potion of mutation {unknown}
 p - a potion of heal wounds {unknown}
 q - 2 potions of berserk rage {unknown}
 r - a potion of haste {unknown}


   Skills:
 + Level 4.2 Fighting
 + Level 1.8 Short Blades
 - Level 2.1 Dodging
 - Level 1.5 Stealth
 + Level 2.1 Shields
 + Level 4.2 Spellcasting


You knew the following spells:

 Your Spells              Type           Power      Damage    Failure   Level
a - Magic Dart            Conj           72%        1d6       4%          1
b - Slow                  Hex            72%        N/A       4%          1
c - Blink                 Tloc           36%        N/A       6%          2
d - Call Imp              Summ           18%        N/A       6%          2
e - Mephitic Cloud        Conj/Pois/Air  18%        N/A       13%         3
f - Summon Small Mammal   Summ           72%        N/A       4%          1
g - Ensorcelled Hibernat  Hex/Ice        36%        N/A       6%          2
h - Frozen Ramparts       Ice            36%        1d6       13%         3
Your spell library was empty.

Dungeon Overview and Level Annotations

Branches:
Dungeon (5/15)             Temple (1/1) D:4

Altars:
Ashenzari
Cheibriados
Dithmenos
Elyvilon
Fedhas
Makhleb
Okawaru
Qazlal
Uskayaw
Yredelemnul
The Shining One

Annotations:
D:5 Eustachio


Innate Abilities, Weirdness & Mutations

You are immune to sickness and miasma.
You are immune to poison.
Your flesh is very heat resistant. (rF++)
You are vulnerable to cold. (rC-)
You float through the air rather than walking.
You learn spells naturally, not from books.
Your magical power is your life essence.
You have superior vitality. (+4 MHP)


Message History

You completely miss the jelly. The jelly hits you but does no damage.
You hit the jelly.
You feel better.
Your hands burn!
The jelly is lightly wounded.
The jelly hits you.
You are splashed with acid!
Casting: Mephitic Cloud (dangerous; 13% risk of failure)
Confirm with . or Enter, or press ? or * to list all spells.
Aiming: Mephitic Cloud (dangerous; 13% risk of failure)
Press: ? - help, Shift-Dir - straight line, f/p - Eustachio
Aim: Eustachio, wielding a +0 falchion and wearing a +0 leather armour (confused, chance to affect: 81%)
The ball explodes into a vile cloud!
The stinking cloud engulfs the jelly but does no damage.
The jelly is lightly wounded.
The stinking cloud engulfs Eustachio but does no damage.
The stinking cloud engulfs you but does no damage.
Eustachio is engulfed in noxious fumes.
The jelly hits you.
You are splashed with acid!
Unknown command.
You hit the jelly.
You feel better.
Your hands burn!
The jelly is heavily wounded.
The jelly closely misses you.
Eustachio is engulfed in noxious fumes.
Eustachio appears confused.
You hit the jelly.
You feel better.
Your hands burn!
The jelly is severely wounded.
You block the jelly's attack.
You hit the jelly.
You feel better. The acid corrodes you!
Your hands burn!
The jelly is almost dead.
Eustachio gestures wildly.
The jelly hits you.
* * * LOW HITPOINT WARNING * * *
You are splashed with acid.
* * * LOW HITPOINT WARNING * * *
An adder comes into view.
The adder hisses angrily.
You hit the jelly but do no damage.
Your hands burn!
* * * LOW HITPOINT WARNING * * *
The jelly is almost dead.
The jelly hits you.
* * * LOW HITPOINT WARNING * * *
The acid corrodes you!
You are splashed with acid!
You die...

#<....... #...
#.......# #...
#####........ #...
..##..#.#..#
###...#####.##....#
.#
............##...## #
.................#
S...........##.......
#.....@....####...##
#....J###### ##.#
#..... ... #....@ ..#
....... .. ##.....
#..... #.....


You could see Eustachio (confused), a jelly and an adder.

Vanquished Creatures
  A scorpion (D:4)
  A hound (D:4)
  Jessica (D:2)
  An iguana (D:5)
  2 orc wizards
  9 gnolls
  8 adders
  4 dart slugs
  13 orcs
  6 bats
  9 endoplasms
  7 goblins
  6 hobgoblins
  5 jackals
  5 kobolds
  5 quokkas
  6 ball pythons
  6 frilled lizards
  4 rats
99 creatures vanquished.

Vanquished Creatures (others)
  A gnoll bouda (D:4)
  10 plants (D:4)
11 creatures vanquished.

Grand Total: 110 creatures vanquished

Notes
Turn   | Place    | Note
-------+----------+-------------------------------------------
     0 | D:1      | Querens the Djinni Hedge Wizard began the quest for the
                  | Orb.
     0 | D:1      | Querens set off with the following spells memorised: Magic
                  | Dart, Slow, Blink, Call Imp, Mephitic Cloud.
     0 | D:1      | Reached XP level 1. HP: 15/15 MP: 0/0
    38 | D:1      | Reached XP level 2. HP: 22/22 MP: 0/0
    39 | D:1      | Reached skill level 1 in Fighting
   178 | D:1      | Reached XP level 3. HP: 7/27 MP: 0/0
   178 | D:1      | Learned a level 1 spell: Summon Small Mammal
   592 | D:2      | Reached XP level 4. HP: 33/33 MP: 0/0
   656 | D:2      | Noticed Jessica
   678 | D:2      | Killed Jessica
   745 | D:2      | Reached XP level 5. HP: 35/40 MP: 0/0
   745 | D:2      | Learned a level 2 spell: Ensorcelled Hibernation
  1307 | D:3      | Reached XP level 6. HP: 21/46 MP: 0/0
  1676 | D:4      | Reached skill level 1 in Shields
  1684 | D:4      | Reached skill level 1 in Short Blades
  1755 | D:4      | Identified the +0 leather armour of the Beginning {rC+ MP+9
                  | Str+7}
  1984 | D:4      | Reached XP level 7. HP: 48/52 MP: 0/0
  1984 | D:4      | Learned a level 3 spell: Frozen Ramparts
  2064 | D:4      | Found a staircase to the Ecumenical Temple.
  2076 | Temple   | Entered the Ecumenical Temple
  2084 | Temple   | Became a worshipper of Makhleb the Destroyer
  2323 | D:5      | Entered Level 5 of the Dungeon
  2344 | D:5      | Noticed Eustachio
  2357 | D:5      | Splashed by a jelly's acid

Illustrated notes

Levels and vault maps discovered:
D:1:      heliophobic_arrival_ceremonial_halls, layout_basic,
          minmay_pentomino_s4
D:2:      layout_basic, basic_altar, uniq_jessica
D:3:      layout_loops_corners
D:4:      layout_loops_ring, minmay_temple_entry_slanted, serial_bayou,
          serial_bayou_pond_a, serial_bayou_pond_e, serial_bayou_ford_a,
          serial_bayou_lake_a, minmay_misc_feat_ornament
D:5:      layout_loops_cross, mainiacjoe_overflow_catch_the_wave, serial_glass,
          glass_columns_c, glass_columns_b, glass_columns_b, glass_columns_b,
          glass_columns_c, glass_columns_c,
          nicolae_concentric_dashed_squares_mild, uniq_eustachio
Temple:   hellmonk_temple_two_chambers

Skill      XL: |  1  2  3  4  5  6  7 |
---------------+----------------------+-----
Fighting       | 1 2 3 4 |  4.2
Spellcasting   | 3 4 |  4.2
Shields        | 1 2 |  2.1
Short Blades   | 1 |  1.8
Dodging        | |  2.1
Stealth        | |  1.5

Action                     |  1- 3 |  4- 6 |  7- 9 || total
---------------------------+-------+-------+-------++-------
  Melee: Dagger            |    88 |    96 |       ||   184
         Short sword       |       |   129 |    34 ||   163
         Punch             |       |     1 |       ||     1
   Cast: Magic Dart        |     9 |       |       ||     9
         Mephitic Cloud    |       |    10 |     4 ||    14
         Summon Small Mamm |       |     1 |       ||     1
   Stab: Sleeping          |     3 |     1 |     1 ||     5
         Confused          |       |     8 |     5 ||    13
 Armour: Robe              |    21 |    13 |       ||    34
         Leather armour    |       |    15 |     3 ||    18
  Dodge: Dodged            |    65 |   108 |    12 ||   185
  Block: Buckler           |       |    16 |     6 ||    22

Table legend: (Time is in decaauts)
 A = Elapsed time spent in this place.
 B = Non-inter-level travel time spent in this place.
 C = Inter-level travel time spent in this place.
 D = Time resting spent in this place.
 E = Time spent auto-exploring this place.
 F = Levels seen in this place.
 G = Mean time per level.
                   A        B        C        D        E       F      G
               +--------+--------+--------+--------+--------+-----+--------+
         Total |   2353 |   2240 |    113 |      0 |      0 |   6 |  392.2 |
       Dungeon |   2330 |   2217 |    113 |      0 |      0 |   5 |  466.0 |
        Temple |     22 |     22 |      0 |      0 |      0 |   1 |   22.0 |
               +--------+--------+--------+--------+--------+-----+--------+

Top non-repeatable levels by time:
     D:3: 800 daAuts
     D:4: 647 daAuts
     D:2: 470 daAuts
     D:1: 379 daAuts
     D:5: 33 daAuts
  Temple: 22 daAuts
